 Dungeon Crawl Stone Soup version 0.30-a0-374-g95c0257040 (webtiles) character file.

Game seed: 13646944875769104099

193 mdonais the Sneak (level 5, -2/38 HPs)
             Began as an Octopode Delver on Nov 27, 2022.
             Was an Initiate of Gozag.
             Slain by a gnoll
             ... wielding a +0 spear
              (8 damage)
             ... on level 3 of the Dungeon.
             The game lasted 00:10:07 (2820 turns).

mdonais the Sneak (Octopode Delver)                 Turns: 2820, Time: 00:10:08

Health: -2/38      AC:  1    Str: 10 (11) XL:     5   Next: 72%
Magic:  5/5        EV: 13    Int: 12 (13) God:    Gozag
Gold:   179        SH:  0    Dex: 13 (15) Spells: 4/4 levels left

rFire   . . .      SeeInvis .    g - +0 dagger
rCold   . . .      Faith    .    (no shield)
rNeg    . . .      Spirit   .    (helmet restricted)
rPois   .          Reflect  .    r - amulet of regeneration
rElec   .          Harm     .    (no ring)
rCorr   .          Rampage  .    (no ring)
Will    .....                    (no ring)
Stlth   ++++......               (no ring)
HPRegen 1.06/turn                (no ring)
MPRegen 0.09/turn                (no ring)
                                 (no ring)
                                 (no ring)

@: no status effects
A: almost no armour, amphibious, 8 rings, camouflage 1, gelatinous body 1,
(nimble swimmer 1), tentacles
a: Renounce Religion, Potion Petition, Call Merchant, Bribe Branch


You were on level 3 of the Dungeon.
You worshipped Gozag.
Gozag was aware of your devotion.
You visited 1 branch of the dungeon, and saw 5 of its levels.

You collected 314 gold pieces.
You paid 135 gold pieces to Gozag.

Inventory:

Hand Weapons
 a - a +0 short sword
 g - a +0 dagger (weapon)
   (You took it off a goblin on level 3 of the Dungeon)
 h - a +0 sling
   (You took it off a goblin on level 3 of the Dungeon)
Missiles
 f - 43 stones (quivered)
Magical Staves
 e - a staff of death
   (You found it on level 3 of the Dungeon)
 n - a staff of conjuration
   (You found it on level 1 of the Dungeon)
Jewellery
 i - a ring of ice
   (You found it on level 2 of the Dungeon)
 r - an amulet of regeneration (around mantle)
   (You found it on level 1 of the Dungeon)
Wands
 D - a wand of digging (3)
Scrolls
 b - 2 scrolls of fog
 k - 2 scrolls of amnesia
 q - a scroll of teleportation {unknown}
 s - a scroll of brand weapon {unknown}
 M - a scroll of magic mapping
 R - 2 scrolls of identify
Potions
 c - a potion of might {unknown}
 t - a potion of lignification


   Skills:
 + Level 4.9 Fighting
 + Level 4.2 Short Blades
 - Level 2.0 Dodging
 - Level 6.6 Stealth


You had 4 spell levels left.
You didn't know any spells.
Your spell library was empty.

Dungeon Overview and Level Annotations

Branches:
Dungeon (5/15) Zot: 24631
 Temple: D:4-7

Altars:
Gozag
Nemelex Xobeh


Innate Abilities, Weirdness & Mutations

You cannot wear most types of armour.
You are amphibious.
You can wear up to eight rings at the same time.
Your skin changes colour to match your surroundings (Stealth+).
Your rubbery body absorbs attacks. (AC +1, EV +1)
((You are camouflaged when in or above water. (Stealth+)))
You have tentacles for arms and can constrict up to eight enemies at once.


Message History

You kill the hobgoblin!
No target in view!
No target in view!
No target in view!
No target in view!
No target in view!
No target in view!
No target in view!
No target in view!
You now have 114 gold pieces (gained 3).
A gnoll is nearby!
Health restored: 38 The gnoll hits you with a +0 whip.
You take 5 damage, and have 33/38 hp.
You hit the gnoll. Your grab misses the gnoll.
The gnoll is lightly wounded.
The gnoll completely misses you.
You barely miss the gnoll.
The hobgoblin shouts!
You grab the gnoll.
The gnoll is lightly wounded.
You constrict the gnoll. You hit the gnoll.
The gnoll is heavily wounded.
You constrict the gnoll, but do no damage.
The gnoll hits you with a +0 whip.
You take 4 damage, and have 31/38 hp.
You hit the gnoll.
The gnoll is heavily wounded.
You constrict the gnoll. The gnoll barely misses you.
You hit the gnoll. You squeeze the gnoll.
You kill the gnoll!
The hobgoblin barely misses you.
You closely miss the hobgoblin. You grab the hobgoblin.
You constrict the hobgoblin, but do no damage.
You barely miss the hobgoblin.
You constrict the hobgoblin, but do no damage.
The hobgoblin hits you.
You take 2 damage, and have 34/38 hp.
You hit the hobgoblin.
The hobgoblin is severely wounded.
You constrict the hobgoblin.
You kill the hobgoblin!
No target in view!
No target in view!
No target in view!
No target in view!
No target in view!
No target in view!
No target in view!
No target in view!
No target in view!
A kobold is nearby!
You regained 2 hp, and now have 37/38 hp.
A kobold is nearby!
You see here 18 gold pieces.
Health restored: 38 You completely miss the kobold.
The kobold shouts!
Your grab misses the kobold. Your squeeze misses the kobold.
The kobold hits you with a +0 club.
You take 4 damage, and have 34/38 hp.
The gnoll shouts!
You hit the kobold but do no damage. You grab the kobold.
Your squeeze misses the kobold.
You constrict the kobold, but do no damage.
The kobold hits you with a +0 club.
You take 4 damage, and have 30/38 hp.
You completely miss the kobold. You constrict the kobold. You hit the kobold.
You kill the kobold!
You hear a splash.
There is a large open door here.
You closely miss the gnoll. Your grab misses the gnoll.
The gnoll hits you with a +0 whip.
You take 5 damage, and have 29/38 hp.
You hit the gnoll. You grab the gnoll. You squeeze the gnoll.
The gnoll is moderately wounded.
You constrict the gnoll. The gnoll barely misses you.
You hit the gnoll. You squeeze the gnoll.
You kill the gnoll!
You feel your strength returning.
No target in view!
No target in view!
No target in view!
No target in view!
No target in view!
You now have 141 gold pieces (gained 27).
Things that are here:
a +0 whip; a +0 club
There is a large open door here.
You now have 159 gold pieces (gained 18).
You now have 173 gold pieces (gained 14).
You see here a +0 whip.
You now have 179 gold pieces (gained 6).
You see here a +0 club.
There is a large open door here.
There is an open door here.
A kobold comes into view. It is wielding a +0 club.
A kobold is nearby!
Health restored: 38 A kobold and 2 gnolls come into view.
A kobold comes into view.
The kobold shouts!
The gnoll shouts!
The kobold shouts!
A kobold comes into view. It is wielding a +0 club.
The kobold shouts!
You hear a shout!
The kobold shouts!
You hear a shout!
The gnoll closely misses you. x2
You hear an angry hiss.
You closely miss the gnoll. You grab the gnoll. You constrict the gnoll.
You hit the gnoll but do no damage. Your squeeze misses the gnoll.
The gnoll is lightly wounded.
You constrict the gnoll.
A gnoll comes into view. It is wielding a +0 club.
The gnoll hits you from afar with a +0 spear.
A gnoll comes into view. It is wielding a +0 club.
The kobold hits you with a +0 club. The gnoll closely misses you.
You take 8 damage, and have 30/38 hp.
MASSIVE DAMAGE!!
You hit the gnoll.
The gnoll is moderately wounded.
You constrict the gnoll.
The gnoll hits you from afar with a +0 spear.
The kobold hits you with a +0 club. The gnoll hits you with a +0 club.
The kobold misses you. The kobold hits you with a +0 club.
You take 14 damage, and have 16/38 hp.
MASSIVE DAMAGE!!
You are too injured to fight recklessly!
You are too injured to fight recklessly!
You are too injured to fight recklessly!
You are too injured to fight recklessly!
You are too injured to fight recklessly!
You are too injured to fight recklessly!
You release your grip on the gnoll.
The kobold attacks as you move away! The kobold hits you with a +0 club.
The kobold attacks as you move away! The kobold hits you but does no damage.
The kobold attacks as you move away! The kobold hits you with a +0 club.
* * * LOW HITPOINT WARNING * * *
The gnoll hits you with a +0 club.
* * * LOW HITPOINT WARNING * * *
The kobold hits you with a +0 club.
* * * LOW HITPOINT WARNING * * *
You take 9 damage, and have 7/38 hp.
MASSIVE DAMAGE!!
Okay, then.
As you read the scroll labelled DAFO KAF RAGG, it crumbles to dust.
Your body is wracked with pain!
* * * LOW HITPOINT WARNING * * *
The gnoll convulses!
The kobold convulses!
The gnoll convulses! x3
It was a scroll of torment.
The gnoll hits you from afar with a +0 spear!
You die...
Your body crumbles into a pile of gold.

≈≈≈≈≈≈≈≈≈≈≈≈≈≈≈≈≈≈≈≈≈≈≈≈≈≈≈≈≈≈≈≈≈
≈≈≈≈≈≈≈≈≈≈≈≈≈≈≈≈≈≈≈≈≈≈≈≈≈≈≈≈≈≈≈≈#
#################################
..#....# .#.....## ..#....#
'......##
###....#########.......#
.#......#..............#.
.'......'.......KKg...K'.
.#......#.......@K.....#.
###....#########gKg....# ..#....#
'g.....## $ ..#.)..# .#.....##
####''##########################
≈)~....~≈≈≈≈≈≈≈≈≈≈≈≈≈≈≈≈≈≈≈≈≈≈≈≈#
~~.....~~≈≈≈≈≈≈≈≈≈≈≈~≈≈≈≈~≈≈~≈≈≈≈
)~~.....~~~~≈≈≈~≈~~~~~≈~~~~~~~~~~
.~.....)~~..~~~~~~.~~.~~.~~....~~


You could see 4 gnolls and 5 kobolds.

Vanquished Creatures
  4 gnolls (D:3)
  5 adders
  A worm (D:4)
  3 dart slugs
  5 orcs
  7 ball pythons
  7 bats
  3 endoplasms
  3 giant cockroaches
  5 goblins
  8 hobgoblins
  2 jackals (D:3)
  25 kobolds
  5 quokkas
  5 frilled lizards
  5 rats
93 creatures vanquished.

Notes
Turn   | Place    | Note
-------+----------+-------------------------------------------
     0 | D:5      | mdonais the Octopode Delver began the quest for the Orb.
     0 | D:5      | Reached XP level 1. HP: 16/16 MP: 1/1
   125 | D:4      | Found an opulent altar of Gozag.
   167 | D:4      | Reached XP level 2. HP: 17/21 MP: 2/2
   419 | D:1      | Reached XP level 3. HP: 26/26 MP: 3/3
  1226 | D:2      | Reached XP level 4. HP: 33/33 MP: 4/4
  2139 | D:3      | Reached XP level 5. HP: 26/38 MP: 5/5
  2181 | D:4      | Became a worshipper of Gozag Ym Sagoz the Greedy
  2394 | D:3      | HP: 2/57 [poisoned by a kobold]
  2495 | D:3      | Found a sparkling altar of Nemelex Xobeh.
  2820 | D:3      | Slain by a gnoll

Illustrated notes

Levels and vault maps discovered:
D:1:      tarquinn_simple_flora_water_d, layout_loops_cross
D:2:      layout_loops_cross, serial_co_window_serial, co_window_paths_b,
          co_window_paths_a, co_window_cross_1, co_window_of_opportunity_a,
          co_window_paths_a, co_window_paths_b, co_window_corner_a,
          co_window_corner_b, co_window_unsneaky_path_d, co_window_2corner,
          co_window_cross_4, co_window_broadway_a, co_window_2corner,
          co_window_paths_d, glass_columns_c, glass_columns_a, glass_columns_a,
          st_stairs_3
D:3:      minmay_goblin_kobold_castle, layout_basic,
          nemelex_xobeh_ov_fountains_minmay
D:4:      layout_loops_ring, mainiacjoe_overflow_paths,
          minmay_temple_entry_stoned_glass, minmay_manual_mares, uniq_eustachio
D:5:      layout_rooms, lemuel_doored_altar, grunt_temple_overflow_open,
          nrook_pool_corridor

Skill      XL: |  1  2  3  4  5 |
---------------+----------------+-----
Short Blades   | 3 4 |  4.2
Fighting       | 4 |  4.9
Dodging        | |  2.0
Stealth        | |  6.6

Action                   |  1- 3 |  4- 6 || total
-------------------------+-------+-------++-------
Melee: Short sword       |    16 |       ||    16
       Tentacles         |    12 |    40 ||    52
       Constrict         |    11 |    43 ||    54
       Dagger            |    46 |   168 ||   214
       Punch             |       |     1 ||     1
  Use: Potion            |       |     5 ||     5
       Scroll            |       |     4 ||     4
 Stab: Sleeping          |    19 |     7 ||    26
Armor: Skin              |     6 |    67 ||    73
Dodge: Dodged            |    30 |    77 ||   107

Table legend: (Time is in decaauts)
 A = Elapsed time spent in this place.
 B = Non-inter-level travel time spent in this place.
 C = Inter-level travel time spent in this place.
 D = Time resting spent in this place.
 E = Time spent auto-exploring this place.
 F = Levels seen in this place.
 G = Mean time per level.
                   A        B        C        D        E       F      G
               +--------+--------+--------+--------+--------+-----+--------+
         Total |   2767 |   2592 |    175 |     56 |   1808 |   5 |  553.4 |
       Dungeon |   2767 |   2592 |    175 |     56 |   1808 |   5 |  553.4 |
               +--------+--------+--------+--------+--------+-----+--------+

Top non-repeatable levels by time:
     D:2: 976 daAuts
     D:3: 912 daAuts
     D:1: 701 daAuts
     D:4: 170 daAuts
     D:5: 8 daAuts
